Map: [EWC] Dynasty

Players

Reynor - Winner!

  • Race: Zerg Zerg
  • Spawn Location: 7:00

Cure

  • Race: Terran Terran
  • Spawn Location: 1:00

Event: Esports World Cup 2024

VOD

Have the link to the VOD?

Description

Time

  • Played on: Aug. 14, 2024, 12:48 p.m.
  • Length: 11:18

All games in this series

Show
View Real Time Build Order
Export as new Build Order

Reynor Zerg - Winner!

Build Orders: Hatch First, Ravager All-In 

Get SALT Encoding   

  12  0:00  Drone  
  13  0:07  Drone  
  14  0:14  Extractor  
  14  0:15  Drone  
  15  0:38  Hatchery  
  15  0:42  Extractor  
  13  0:43  Drone  
  13  0:49  Overlord  
  15  1:03  Spawning Pool  
  14  1:07  Drone  
  14  1:10  Drone  
  16  1:14  Drone  
  16  1:18  Drone  
  18  1:28  Drone  
  19  1:39  Drone  
  20  1:50  Queen x2  
  20  1:53  Drone  
  25  1:55  Drone  
  26  2:02  Unknown  
  26  2:04  Drone, Overlord  
  26  2:12  Drone x2  
  28  2:23  Drone x2  
  28  2:28  Queen x2  
  34  2:34  Drone x2  
  36  2:43  Overlord  
  36  2:46  Overlord  
  36  2:49  Roach Warren  
  35  2:55  Drone  
  36  3:06  Drone x3  
  36  3:07  Drone x3, Lair  
  36  3:10  Extractor  
  41  3:13  Queen  
  43  3:21  Drone x2  
  43  3:22  Overlord  
  45  3:30  Roach  
  47  3:37  Overlord  
  47  3:38  Roach x2  
  51  3:41  Roach x3  
  51  3:44  Overlord  
  57  3:49  Pneumatized Carapace  
  57  3:53  Roach  
  59  4:01  Drone  
  60  4:07  Roach x3  
  66  4:11  Hatchery, Queen  
  67  4:18  Roach x2  
  67  4:22  Overlord  
  71  4:29  Drone, Evolution Chamber  
  71  4:30  Spore Crawler  
  71  4:31  Ravager x3  
  73  4:34  Overlord  
  73  4:36  Queen  
  75  4:39  Ravager  
  75  4:44  Drone  
  75  4:45  Drone  
  78  4:46  Spore Crawler, Ravager  
  78  4:50  Queen  
  80  5:00  Drone x2  
  80  5:01  Drone x2  
  84  5:11  Overlord  
  84  5:13  Ravager x2  
  86  5:14  Drone  
  86  5:17  Evolution Chamber  
  86  5:18  Evolution Chamber  
  85  5:25  Overlord  
  85  5:28  Drone x2  
  87  5:29  Drone x4, Queen  
  87  5:30  Drone x2  
  87  5:33  Zerg Ground Armor Level 1  
  87  5:35  Drone  
  95  5:41  Drone x2  
  97  5:45  Drone  
  97  5:47  Zerg Missile Weapons Level 1  
  98  5:51  Drone x2  
  98  5:56  Drone  
  101  6:01  Drone x5  
  101  6:03  Overlord  
  106  6:05  Hatchery, Glial Reconstitution  
  105  6:16  Drone x4  
  105  6:18  Extractor, Roach x2  
  113  6:19  Extractor  
  113  6:25  Roach  
  113  6:30  Roach x5  
  113  6:31  Overseer  
  120  6:37  Extractor  
  120  6:38  Overlord  
  120  6:39  Roach  
  121  6:40  Overlord  
  121  6:48  Overlord  
  121  6:52  Infestation Pit  
  121  6:53  Drone, Overlord  
  119  7:02  Roach x9  
  119  7:05  Overlord  
  137  7:08  Drone  
  137  7:09  Drone x2  
  137  7:10  Queen  
  137  7:12  Drone  
  137  7:15  Overlord  
  143  7:17  Roach  
  143  7:18  Roach  
  144  7:23  Roach x4  
  144  7:29  Hive  
  147  7:30  Metabolic Boost  
  147  7:32  Baneling Nest  
  147  7:33  Drone x3  
  147  7:34  Roach x3  
  153  7:39  Roach x2  
  153  7:43  Overlord  
  157  7:46  Drone x2  
  157  7:47  Drone  
  157  7:49  Overlord  
  157  7:50  Drone  
  157  7:51  Drone x2, Overlord  
  163  7:52  Drone  
  163  7:53  Zerg Ground Armor Level 2  
  164  8:01  Overlord  
  164  8:11  Zergling x18  
  173  8:16  Zerg Melee Weapons Level 1  
  173  8:17  Centrifugal Hooks  
  173  8:18  Zergling x2  
  174  8:20  Zergling x4  
  174  8:21  Zergling x2  
  174  8:22  Queen  
  174  8:24  Hatchery  
  178  8:28  Zergling x12  
  178  8:32  Zergling x2  
  178  8:33  Zergling x4  
  185  8:43  Viper x2  
  185  8:44  Viper  
  185  8:45  Overlord  
  185  8:48  Overlord  
  188  8:49  Zergling x4  
  188  8:50  Zergling x2  
  188  8:52  Zergling x2  
  192  8:59  Overlord  
  192  9:00  Baneling x12  
  191  9:04  Zergling x10  
  191  9:06  Zergling x2  
  191  9:07  Zergling x4  
  196  9:29  Zergling x18  
  196  9:30  Adrenal Glands  
  200  9:32  Ultralisk Cavern  
  195  9:43  Zergling x18  
  198  9:47  Zergling x6  
  196  9:59  Drone x2  
  190  10:11  Hatchery  
  190  10:14  Zergling x20  
  199  10:16  Hatchery  
  198  10:34  Zergling x2  
  199  10:39  Baneling x10  
  199  10:40  Baneling  
  199  10:45  Zergling x2  
  175  10:57  Zergling x8  
  175  10:58  Zergling x26  
  175  10:59  Zergling x14  
Show
View Real Time Build Order
Export as new Build Order

Cure Terran 

Build Orders: Cyclone Opening, Reaper Expand 

Get SALT Encoding   

  12  0:00  SCV  
  13  0:12  SCV  
  14  0:16  Supply Depot  
  14  0:24  SCV  
  15  0:38  SCV  
  15  0:40  Barracks  
  15  0:42  Refinery  
  16  0:50  SCV  
  17  1:02  SCV  
  18  1:14  SCV  
  19  1:27  Orbital Command, Reaper  
  20  1:38  Command Center  
  20  1:48  Supply Depot  
  20  1:53  SCV  
  21  1:59  Marine  
  22  2:05  SCV  
  23  2:12  Factory  
  23  2:17  SCV  
  23  2:19  Barracks Reactor  
  24  2:29  SCV  
  25  2:32  Marine  
  26  2:37  Command Center  
  26  2:41  SCV  
  27  2:49  Orbital Command  
  27  2:53  SCV  
  27  2:54  Marine, Refinery  
  27  2:58  Cyclone  
  31  3:03  Bunker  
  31  3:06  SCV  
  31  3:12  Marine  
  33  3:14  Refinery  
  33  3:17  SCV  
  33  3:18  SCV  
  35  3:29  SCV  
  35  3:30  SCV  
  35  3:33  Starport  
  37  3:34  Cyclone  
  39  3:41  SCV  
  39  3:42  Barracks Tech Lab, SCV  
  41  3:49  Orbital Command  
  41  3:53  SCV  
  41  3:54  SCV  
  43  4:02  Refinery  
  42  4:05  SCV  
  42  4:06  SCV, Barracks  
  42  4:08  Barracks  
  46  4:15  Siege Tank, SCV  
  48  4:17  SCV  
  48  4:19  SCV  
  50  4:27  SCV  
  50  4:30  SCV  
  52  4:32  SCV  
  52  4:34  Supply Depot  
  52  4:35  Starport Tech Lab, Engineering Bay  
  52  4:36  Engineering Bay  
  53  4:39  Barracks Reactor  
  53  4:40  SCV  
  53  4:42  SCV, Bunker  
  53  4:44  SCV  
  56  4:47  Siege Tank  
  59  4:53  SCV  
  59  4:54  SCV  
  59  4:55  Marine  
  59  4:56  SCV  
  63  5:04  Starport Reactor  
  63  5:06  Stimpack  
  61  5:08  Marine  
  61  5:10  Supply Depot  
  61  5:11  Supply Depot  
  61  5:13  Starport Reactor  
  61  5:23  Barracks Reactor  
  61  5:25  Terran Infantry Weapons Level 1, Barracks  
  61  5:26  Factory Tech Lab  
  61  5:31  Supply Depot  
  61  5:32  SCV x2, Marine x2  
  65  5:39  Marine  
  61  5:50  Siege Tank, Marine x2  
  61  5:51  SCV x2  
  61  5:53  SCV  
  68  5:57  Marine  
  68  6:03  Marine x2  
  71  6:07  Marine  
  71  6:11  Terran Infantry Armor Level 1  
  72  6:12  Supply Depot  
  72  6:15  Barracks Reactor  
  70  6:19  Marine x2  
  70  6:21  Marine  
  74  6:25  Siege Tank  
  74  6:36  Supply Depot  
  74  6:37  Supply Depot  
  74  6:43  Marine x4  
  74  6:44  Marine  
  74  6:46  Combat Shield  
  78  6:53  Medivac  
  80  6:57  SCV  
  80  6:58  SCV, Barracks  
  82  7:03  Marine x4  
  80  7:08  Marine x2  
  80  7:10  SCV x2  
  84  7:17  Siege Tank  
  84  7:19  Marine  
  84  7:21  Marine x3  
  87  7:25  SCV x2  
  87  7:29  Marine x3  
  85  7:36  Marine  
  85  7:37  SCV x2  
  85  7:41  Marine x3  
  85  7:43  Medivac x2  
  93  7:47  Marine  
  93  7:49  SCV x2  
  96  7:53  Armory  
  96  7:55  Barracks  
  96  8:00  Orbital Command, Barracks  
  96  8:03  Supply Depot  
  96  8:04  Supply Depot  
  96  8:12  Barracks Tech Lab  
  96  8:13  Supply Depot  
  96  8:25  Marine x4  
  100  8:29  Marine x3  
  103  8:35  Siege Tank  
  103  8:38  SCV  
  106  8:49  Barracks Tech Lab  
  106  8:50  Barracks Tech Lab, Terran Infantry Weapons Level 2  
  106  8:58  Marauder x2  
  108  9:10  Marine x3  
  111  9:19  Marine, Marauder  
  111  9:20  Marine, Marauder x2  
  116  9:30  Marine x2  
  116  9:31  Marine x2, Marauder  
  122  9:33  Siege Tank  
  117  9:43  Marine x4, Marauder  
  122  9:51  Supply Depot  
  112  9:53  Supply Depot, Medivac x2  
  107  10:02  Marine x2, Marauder x2  
  113  10:08  Siege Tank  
  116  10:19  Marine x4, Marauder  
  116  10:20  Concussive Shells, Marine  
  125  10:32  Medivac  
  125  10:34  Marine x3  
  130  10:37  Marine x5  
  130  10:42  Marine x2  
  133  10:43  Supply Depot x2  
  130  10:54  Marine x2, Marauder  
Tags
 
Add a new tag
Caveats
  • Supply blocks, unpowered buildings, or Contaminate may cause inaccurate times.
  • Supply counts are checked every 10 seconds.